Map: Overgrowth LE (Void)

Players

MoonLight - Winner!

  • Race: Zerg Zerg
  • League: Platinum
  • Spawn Location: 7:00

Szary

  • Race: Protoss Protoss
  • League: Gold
  • Spawn Location: 1:00

VOD

Have the link to the VOD?

Description

Time

  • Played on: Dec. 7, 2016, 9:17 a.m.
  • Length: 5:51
Show
View Real Time Build Order
Export as new Build Order

MoonLight Zerg - Winner!

Build Orders: Hatch First, Roach Nydus 

Get SALT Encoding   

  12  0:01  Drone  
  13  0:13  Overlord  
  13  0:21  Drone  
  14  0:33  Drone x2  
  16  0:42  Drone  
  17  0:54  Hatchery  
  16  0:57  Drone  
  16  1:01  Extractor  
  16  1:02  Drone  
  17  1:16  Spawning Pool  
  16  1:19  Drone  
  17  1:29  Drone x2  
  19  1:42  Overlord  
  20  1:57  Drone  
  20  1:58  Extractor  
  19  2:03  Queen  
  21  2:09  Roach Warren  
  21  2:13  Drone  
  21  2:28  Drone x2  
  23  2:39  Lair  
  23  2:52  Overlord  
  23  2:53  Hatchery  
  22  3:04  Roach x2  
  26  3:14  Roach x4  
  34  3:22  Roach  
  36  3:32  Overlord  
  36  3:38  Nydus Network  
  35  3:43  Roach  
  37  3:50  Overlord, Queen  
  39  4:02  Roach x2  
  43  4:08  Roach  
  45  4:22  Roach x2  
  49  4:35  Nydus Canal  
  49  4:40  Roach  
  49  4:41  Roach  
  53  5:07  Roach x3  
  53  5:08  Roach  
  57  5:20  Roach  
  59  5:21  Overlord  
Show
View Real Time Build Order
Export as new Build Order

Szary Protoss 

Build Orders:  

Get SALT Encoding   

  12  0:01  Probe (Chrono Boost)  
  13  0:16  Pylon  
  13  0:21  Probe (Chrono Boost)  
  14  0:31  Probe (Chrono Boost)  
  15  0:36  Forge  
  15  0:42  Probe (Chrono Boost)  
  16  0:56  Pylon  
  16  1:01  Probe (Chrono Boost)  
  17  1:19  Photon Cannon  
  17  1:21  Photon Cannon  
  17  1:26  Gateway  
  17  1:39  Gateway  
  17  1:58  Gateway, Assimilator  
  17  1:59  Pylon  
  17  2:02  Assimilator  
  17  2:08  Probe (Chrono Boost)  
  18  2:26  Probe (Chrono Boost)  
  19  2:36  Probe (Chrono Boost)  
  20  2:47  Probe (Chrono Boost)  
  21  2:53  Cybernetics Core  
  21  3:01  Probe (Chrono Boost)  
  21  3:02  Nexus  
  22  3:11  Probe (Chrono Boost)  
  23  3:28  Probe (Chrono Boost)  
  23  3:32  Stalker x2  
  23  3:33  Stalker  
  30  3:39  Probe (Chrono Boost)  
  31  3:47  Robotics Facility  
  31  3:54  Pylon  
  31  3:56  Probe (Chrono Boost)  
  32  4:02  Pylon  
  32  4:09  Probe (Chrono Boost)  
  33  4:16  Probe (Chrono Boost)  
  34  4:19  Probe (Chrono Boost)  
  39  4:38  Probe  
  39  4:41  Probe  
  41  4:49  Probe  
  42  4:54  Probe  
  43  5:06  Mothership Core  
Tags
 
Add a new tag
Caveats
  • Supply blocks, unpowered buildings, or Contaminate may cause inaccurate times.
  • Supply counts are checked every 10 seconds.